 Dungeon Crawl Stone Soup version 0.21.1-1-g345015f (webtiles) character file.

54 inc the Sneak (level 3, 15/15 HPs)
             Began as a Felid Enchanter on June 16, 2018.
             Quit the game on level 2 of the Dungeon.
             The game lasted 00:06:50 (3187 turns).

inc the Sneak (Felid Enchanter)                     Turns: 3187, Time: 00:06:51

Health: 15/15      AC:  1    Str:  4    XL:     3   Next: 66%
Magic:  7/7        EV: 18    Int: 17    God:
Gold:   164        SH:  0    Dex: 16    Spells: 3/6 levels left
                                        Lives:  0   Deaths: 1

rFire    . . .     SeeInvis +     - Unarmed
rCold    . . .     Gourm    .   (shield unavailable)
rNeg     . . .     Faith    .   (armour unavailable)
rPois    .         Spirit   .   (helmet unavailable)
rElec    .         Reflect  .   (cloak unavailable)
rCorr    +         Harm     .   (gloves unavailable)
MR       .....                  (boots unavailable)
Stlth    ++++......             (no amulet)
HPRegen  0.05/turn              d - ring of resist corrosion
MPRegen  0.10/turn              (no ring)

@: quick
A: very small, no armour, no weapons or thrown items, stealth, claws 1, fangs 3,
see invisible, carnivore, speed 1, shaggy fur 1, slow metabolism 1, sharp paws
a: no special abilities


You were on level 2 of the Dungeon.
You were not hungry.

You visited 1 branch of the dungeon, and saw 4 of its levels.

You collected 164 gold pieces.

Inventory:

Jewellery
 d - a ring of resist corrosion (left paw)
 k - an uncursed ring of teleportation
Wands
 n - a wand of disintegration (10)
Scrolls
 c - a scroll of identify
 g - 4 scrolls of remove curse
 m - a scroll of noise {unknown}
Potions
 e - a potion of ambrosia
 f - a potion of flight
 h - 3 potions of curing
 i - 3 potions of lignification
 j - a potion of brilliance
 l - 3 potions of degeneration {unknown}
Books
 a - a book of Maledictions

   Spells                             Type                      Level
   a - Corona                         Hexes                        1
   b - Ensorcelled Hibernation        Hexes/Ice                    2
   c - Confuse                        Hexes                        3
   d - Tukima's Dance                 Hexes                        3
   e - Dazzling Spray                 Conjuration/Hexes            3
Comestibles
 b - 3 rations


   Skills:
 - Level 1.3 Fighting
 - Level 2.6 Dodging
 + Level 6.5 Stealth
 - Level 1.0 Unarmed Combat
 - Level 2.0 Spellcasting
 - Level 5.0 Hexes
 - Level 1.1 Ice Magic


You had 3 spell levels left.
You knew the following spells:

 Your Spells              Type           Power        Failure   Level  Hunger
a - Corona                Hex            ###....      2%          1    #......
b - Ensorcelled Hibernat  Hex/Ice        ##....       9%          2    ###....


Dungeon Overview and Level Annotations

Branches:
Dungeon (4/15)
 Temple: D:4-7

Altars:
Ashenzari
Ru
The Shining One

Annotations:
D:2 Sigmund


Innate Abilities, Weirdness & Mutations

You cannot wear armour.
You are incapable of wielding weapons or throwing items.
Your paws allow you to move quietly. (Stealth)
You have sharp claws.
You have razor-sharp teeth.
You have supernaturally acute eyesight. (SInv)
You are carnivorous and can eat meat at any time.
You cover ground quickly.
You are covered in fur. (AC +1)
You have a slow metabolism.
Your sharp claws are effective at attacking unaware monsters.


Message History

The dart slug launches a dart at you. The slug dart misses you.
The slug dart hits Sigmund.
Casting: Ensorcelled Hibernation
Confirm with . or Enter, or press ? or * to list all spells.
Aiming: Ensorcelled Hibernation
Press: ? - help, Shift-Dir - straight line, f - adder
Aim: an adder (chance to defeat MR: 51%)
The adder looks drowsy...
The ball python closely misses you. The ball python grabs you.
* * * LOW HITPOINT WARNING * * *
The ball python constricts you.
Sigmund hits you from afar with a scythe of venom!
Ouch! That really hurt!
You die...
You are lethally poisoned!
The ball python completely misses you. The ball python constricts you.
You are now level 3!
You rejoin the land of the living...
Something loses its grip on you.
Are you sure you want to abandon this character and quit the game? (Confirm with "yes".)

........####'###### .. #.
.........##...##.)# ... #.
.........###.##...# ######...(..(
.........###.#....###.....##.###.
..................†........... +.
.###...##############......#. #.
.# #...##..................# #.
.# #...##.############.....# #.
.# #...##.#.....@....#.....# ##
.# ######.#.#.######.#.....# .#
#.#.#.....##.#.....#.
[########.#.#.###.#..........#
.#<.......#.......#..........#
.......######.#####..........#
..............# #..........#
.........)[#..# #..........#
...........#..# #..........#


There were no monsters in sight!

Vanquished Creatures
  4 adders (D:3)
  A worm (D:3)
  3 dart slugs
  3 leopard geckos
  2 orcs (D:3)
  8 bats
  3 giant cockroaches
  8 goblins
  8 hobgoblins
  3 jackals (D:3)
  A ball python (D:1)
  4 frilled lizards (D:1)
  6 kobolds
  6 rats
60 creatures vanquished.

Notes
Turn   | Place    | Note
-------+----------+-------------------------------------------
     0 | D:1      | inc the Felid Enchanter began the quest for the Orb.
     0 | D:1      | Reached XP level 1. HP: 7/7 MP: 4/4
   121 | D:1      | Reached skill level 1 in Fighting
   252 | D:1      | Reached XP level 2. HP: 12/12 MP: 6/6
   282 | D:1      | Learned a level 2 spell: Ensorcelled Hibernation
   867 | D:1      | Reached XP level 3. HP: 15/15 MP: 2/7
  1231 | D:2      | Noticed Sigmund
  1385 | D:2      | Reached skill level 1 in Ice Magic
  1479 | D:2      | Found a shattered altar of Ashenzari.
  1480 | D:2      | Found a sacrificial altar of Ru.
  1486 | D:2      | Found a glowing golden altar of the Shining One.
  1507 | D:2      | Reached skill level 5 in Hexes
  1922 | D:3      | Reached skill level 5 in Stealth
  1943 | D:3      | Reached XP level 4. HP: 19/19 MP: 6/8
  2243 | D:3      | Reached skill level 6 in Stealth
  3025 | D:3      | Found a faded altar of an unknown god.
  3186 | D:2      | Mangled by Sigmund
  3187 | D:2      | Reached XP level 3. HP: -6/15 MP: 1/7
  3187 | D:2      | Quit the game

Skill      XL: |  1  2  3  4 |
---------------+-------------+-----
Fighting       | 1 |  1.3
Ice Magic      | 1 |  1.1
Hexes          | 5 |  5.0
Stealth        | 5 6 |  6.5
Dodging        | |  2.6
Unarmed Combat | |  1.0
Spellcasting   | |  2.0

Action                   |  1- 3 |  4- 6 || total
-------------------------+-------+-------++-------
Melee: Unarmed           |    86 |    50 ||   136
       Bite              |     1 |       ||     1
       Punch             |     1 |       ||     1
 Cast: Corona            |     3 |       ||     3
       Ensorcelled Hiber |    28 |    30 ||    58
  Use: Scroll            |     7 |       ||     7
 Stab: Sleeping          |    31 |    19 ||    50
  Eat: Chunk             |     3 |     3 ||     6
Armor: Skin              |     6 |     2 ||     8
Dodge: Dodged            |    77 |    69 ||   146
